 Dungeon Crawl Stone Soup version 0.31-a0-232-gb1c03b2570 (webtiles) character file.

Game seed: 9425561662831479989

42 qw the Shooter (level 3, -2/21 HPs)
             Began as a Gargoyle Hexslinger on July 7, 2023.
             Slain by an orc
             ... wielding a +0 trident
              (3 damage)
             ... on level 2 of the Dungeon.
             The game lasted 00:00:29 (978 turns).

qw the Shooter (Gargoyle Hexslinger)                 Turns: 978, Time: 00:00:30

Health: -2/21      AC:  8    Str: 11    XL:     3   Next: 56%
Magic:  4/4        EV: 10    Int: 13    God:
Gold:   49         SH:  0    Dex: 14    Spells: 3/4 levels left

rFire   . . .        Y - +1 sling
rCold   . . .        (no shield)
rNeg    + . .        h - +0 ring mail
rPois   inf          (no helmet)
rElec   +            (no cloak)
rCorr   .            (no gloves)
SInv    .            (no boots)
Will    .....        (no amulet)
Stlth   +            (no ring)
HPRegen 0.23/turn    (no ring)
MPRegen 0.09/turn

%: no passive effects
@: no status effects
A: sickness immunity, AC +3, negative energy resistance 1, electricity
resistance, torment resistance 1, petrification resistance
a: no special abilities


You were on level 2 of the Dungeon.
You visited 1 branch of the dungeon, and saw 2 of its levels.

You collected 49 gold pieces.


Innate Abilities, Weirdness & Mutations

You are immune to sickness and miasma.
Your stone body is resilient. (AC +3)
You are immune to poison.
You resist negative energy. (rN+)
You are resistant to electric shocks. (rElec)
You are resistant to unholy torment.
You are immune to petrification.


   Skills:
 - Level 2.0 Fighting
 + Level 3.4 Ranged Weapons
 - Level 1.5 Dodging
 - Level 1.0 Spellcasting
 - Level 2.6 Hexes


You had 3 spell levels left.
You knew the following spells:

 Your Spells              Type           Power      Damage    Failure   Level
a - Slow                  Hex            28%        N/A       22%         1

Your spell library contained the following spells:

 Spells                   Type           Power      Damage    Failure   Level
 Inner Flame              Hex/Fire       4%         N/A       75%         3
 Portal Projectile        Hex/Tloc       8%         N/A       75%         3
 Cause Fear               Hex            3%         N/A       92%         4

Inventory:

Hand Weapons
 Y - a +1 sling (weapon)
Armour
 a - a +0 pair of gloves
 h - a +0 ring mail (worn)
Jewellery
 c - a ring of ice
Potions
 f - a potion of brilliance {unknown}
 j - a potion of resistance {unknown}

Dungeon Overview and Level Annotations

Branches:
Dungeon (2/15)

Altars:
Dithmenos


Message History

You shoot a sling bullet. The sling bullet barely misses the rat.
You shoot a sling bullet.
The sling bullet closely misses the rat.
You shoot a sling bullet. The sling bullet hits the rat.
The rat is moderately wounded.
You shoot a sling bullet. The sling bullet hits the rat.
You kill the rat!
There is a stone staircase leading down here.
An orc comes into view. It is wielding a +0 trident.
The orc shouts!
An orc priest comes into view. It is wielding a +0 club.
An orc comes into view. It is wielding a +0 flail.
Enter note:
Enter note:
973 ||| Stepping ~*~*~tactically~*~*~ (outnumbered).
You shoot a sling bullet.
The sling bullet hits the orc but does no damage.
An orc priest comes into view. It is wielding a +0 club.
You shoot a sling bullet. The sling bullet hits the orc.
The orc is heavily wounded.
The orc priest looks satisfied for a moment.
You shoot a sling bullet. The sling bullet hits the orc.
The orc is heavily wounded.
A ball python comes into view.
An orc comes into view. It is wielding a +0 morningstar.
The orc hits you from afar with a +0 trident.
You shoot a sling bullet. The orc shouts!
The ball python hisses angrily.
The sling bullet hits the orc but does no damage.
The orc is heavily wounded.
You hear a shout!
The orc priest mumbles some strange prayers to Beogh against you.
Beogh smites you!
Ouch! That really hurt!
The orc hits you from afar with a +0 trident.
An orc comes into view. It is wielding a +0 whip.
You shoot a sling bullet. The sling bullet hits the orc.
The orc is almost dead.
The orc hits you from afar with a +0 trident.
You die...

##.#####.#........####......##...
...........#####.## #......##...
##................# #......##?..
########.........# #......##...
#.........# #...........
#.._......# #...........
#.........# #..........#
#.........###############
####...#@.....# ######..##S.#
##o..# ...... ..o..# .o.~.#
.....# o.o..#


You could see an orc priest, 3 orcs and a ball python.

Vanquished Creatures
  An adder (D:2)
  3 endoplasms
  3 goblins
  3 hobgoblins
  5 kobolds
  4 quokkas (D:1)
  3 ball pythons
  3 bats (D:1)
  3 frilled lizards (D:1)
  4 rats
32 creatures vanquished.

Notes
Turn   | Place    | Note
-------+----------+-------------------------------------------
     0 | D:1      | qw the Gargoyle Hexslinger began the quest for the Orb.
     0 | D:1      | Reached XP level 1. HP: 12/12 MP: 2/2
     0 | D:1      | 0 ||| qw: Version: 0.3-a-46-gb1f654a
     0 | D:1      | 0 ||| qw: Game counter: 2334
     0 | D:1      | 0 ||| qw: Melee chars always use a shield: true
     0 | D:1      | 0 ||| qw: God list: Okawaru
     0 | D:1      | 0 ||| qw: Allow faded altars: false
     0 | D:1      | 0 ||| qw: Do Orc after clearing Dungeon:15 true
     0 | D:1      | 0 ||| qw: Do second Lair branch before Depths: true
     0 | D:1      | 0 ||| qw: Lair rune preference: random
     0 | D:1      | 0 ||| qw: Goals: Normal
     0 | D:1      | 0 ||| PLANNING D:1-11
   131 | D:1      | Reached XP level 2. HP: 10/16 MP: 3/3
   314 | D:1      | Reached skill level 3 in Ranged Weapons
   336 | D:1      | HP: 4/16 [quokka (4)]
   649 | D:1      | Reached XP level 3. HP: 21/21 MP: 4/4
   721 | D:1      | Found a faded altar of an unknown god.
   761 | D:1      | 761 ||| UPGRADING to +0 ring mail.
   771 | D:1      | 771 ||| DROPPING +0 robe.
   772 | D:1      | 772 ||| READING 2 scrolls labelled NOTERPH NICKAYWK.
   773 | D:1      | 773 ||| READING scroll labelled ORCHARA XA WOMN.
   774 | D:1      | 774 ||| READING scroll labelled DOITTA QOUPEC.
   777 | D:1      | 777 ||| READING scroll labelled AKHLIH XULITIEXKO.
   777 | D:1      | Identified a scroll of acquirement
   777 | D:1      | 777 ||| ACQUIRING ring of ice
   777 | D:1      | Acquired a ring of ice
   779 | D:1      | 779 ||| READING scroll labelled DISAFFUROF.
   780 | D:1      | 780 ||| READING scroll labelled WISE HUNUITT.
   781 | D:1      | 781 ||| READING scroll labelled PUODIC OCURR.
   782 | D:1      | 782 ||| DROPPING scroll of vulnerability.
   783 | D:1      | 783 ||| DROPPING scroll of poison.
   888 | D:2      | Found a shadowy altar of Dithmenos.
   973 | D:2      | 973 ||| Stepping ~*~*~tactically~*~*~ (outnumbered).
   977 | D:2      | HP: 4/21 [orc priest/divine providence (15)]
   977 | D:2      | HP: 1/21 [orc/+0 trident (3)]
   978 | D:2      | Slain by an orc

Levels and vault maps discovered:
D:1:      grunt_arrival_lava_bath, layout_loops_ring,
          shapermc_ecumenical_altar_mp_vishouse
D:2:      cheibrodos_pilgrimage, layout_basic, basic_altar

Skill      XL: |  1  2  3 |
---------------+----------+-----
Ranged Weapons | 3 |  3.4
Fighting       | 2 |  2.0
Dodging        | |  1.5
Spellcasting   | |  1.0
Hexes          | |  2.6

Action                     || total
---------------------------++-------
   Fire: Sling             ||   125
    Use: Scroll            ||     7
 Armour: Robe              ||    21
         Ring mail         ||     7
  Dodge: Dodged            ||    39

Table legend:
 A = Non-vault XP
 B = Vault XP
 C = Vault XP percentage of total XP
 D = Non-vault monster count
 E = Vault monster count
 F = Vault count percentage of total count
                 A         B        C        D         E       F
            +---------+---------+-------+---------+---------+-------
      Total |      61 |       0 |   0.0 |      32 |       0 |   0.0
            +---------+---------+-------+---------+---------+-------
        D:1 |      36 |       0 |   0.0 |      23 |       0 |   0.0
        D:2 |      25 |       0 |   0.0 |       9 |       0 |   0.0
            +---------+---------+-------+---------+---------+-------
